 Dungeon Crawl Stone Soup version 0.30-a0-722-g3e6e8c874d (webtiles) character file.

Game seed: 17530263247175844265

6718 drugrobin the Grappler (level 10, -14/80 HPs)
             Began as a Demigod Delver on Jan 27, 2023.
             Demolished by a cyclops (28 damage)
             ... on level 12 of the Dungeon.
             The game lasted 00:43:50 (10955 turns).

drugrobin the Grappler (Demigod Delver)            Turns: 10955, Time: 00:43:51

Health: -14/80     AC: 12    Str: 21    XL:     10   Next: 46%
Magic:  4/13       EV: 20    Int: 18    God:
Gold:   303        SH:  0    Dex: 19    Spells: 1/9 levels left

rFire   . . .      SeeInvis .      - Unarmed
rCold   . . .      Faith    .    (no shield)
rNeg    . . .      Spirit   .    q - +0 troll leather armour
rPois   .          Reflect  .    B - +2 helmet
rElec   .          Harm     .    j - +0 cloak
rCorr   .          Rampage  .    v - +2 pair of gloves
Will    +....                    O - +0 pair of boots
Stlth   ++                       (no amulet)
HPRegen 1.13/turn                w - +5 ring of evasion
MPRegen 0.13/turn                U - +6 ring of intelligence

@: silenced, attractive, hasted, constricted, studying Dodging, very quick
A: high MP 1, forlorn, divine attributes
a: no special abilities


You were on level 12 of the Dungeon.
You visited 1 branch of the dungeon, and saw 12 of its levels.

You collected 501 gold pieces.
You spent 198 gold pieces at shops.

Inventory:

Hand Weapons
 b - a +0 sling
 c - a +2 dagger of venom
 A - the +1 hand axe of the Malding Mosquito {flame, Dex+3}
   (You took it off an orc on level 3 of the Dungeon)

   Dex:       It affects your dexterity (+3).
 F - a +5 vampiric short sword
Missiles
 i - 3 boomerangs (quivered)
 K - a throwing net
Armour
 j - a +0 cloak (worn)
 q - a +0 troll leather armour (worn)
 v - a +2 pair of gloves (worn)
 B - a +2 helmet (worn)
 M - an orb of mayhem
 O - a +0 pair of boots (worn)
 Q - an orb of guile
 Y - a +2 leather armour of fire resistance
Magical Staves
 I - a staff of fire
Jewellery
 w - a +5 ring of evasion (left hand)
 G - a ring of magical power
 U - a +6 ring of intelligence (right hand)
Wands
 f - a wand of digging (9)
 t - a wand of flame (14)
 N - a wand of light (5)
 X - a wand of roots (13)
Scrolls
 d - 6 scrolls of teleportation {unknown}
 g - 4 scrolls of noise
 h - 3 scrolls of fog
 k - 6 scrolls of identify {unknown}
 l - 2 scrolls of poison
 o - 2 scrolls of enchant weapon
 x - a scroll of acquirement {unknown}
 y - a scroll of magic mapping
 C - a scroll of enchant armour
 E - a scroll of blinking {unknown}
 J - a scroll of vulnerability {unknown}
 P - a scroll of brand weapon {unknown}
 R - a scroll of torment {unknown}
 W - a scroll of amnesia {unknown}
Potions
 e - 2 potions of flight {unknown}
 m - 2 potions of ambrosia {unknown}
 n - 7 potions of attraction
 p - 4 potions of lignification {unknown}
 s - a potion of mutation {unknown}
 u - a potion of degeneration {unknown}
 z - 4 potions of curing
 H - 3 potions of might {unknown}
 L - 2 potions of heal wounds {unknown}
 S - 3 potions of magic {unknown}
 T - a potion of brilliance {unknown}
 V - a potion of berserk rage {unknown}
 Z - a potion of cancellation {unknown}


   Skills:
 + Level 4.8 Fighting
 - Level 10.0 Dodging
 - Level 4.5 Stealth
 * Level 12.2 Unarmed Combat
 + Level 3.5 Hexes
 - Level 2.0 Transmutations


You had one spell level left.
You knew the following spells:

 Your Spells              Type           Power      Damage    Failure   Level
a - Beastly Appendage     Tmut           14%        N/A       11%         1
b - Wereblood             Tmut           7%         N/A       17%         2
c - Summon Small Mammal   Summ           0%         N/A       26%         1
d - Poisonous Vapours     Pois/Air       0%         N/A       36%         2
e - Ensorcelled Hibernat  Hex/Ice        12%        N/A       19%         2

Your spell library contained the following spells:

 Spells                   Type           Power      Damage    Failure   Level
 Freeze                   Ice            0%         1d3       26%         1
 Sandblast                Erth           0%         2d4       26%         1
 Passwall                 Tmut/Erth      2%         N/A       26%         2
 Cigotuvi's Dreadful Rot  Necr/Pois/Air  0%         N/A       36%         2
 Portal Projectile        Hex/Tloc       12%        N/A       36%         3
 Summon Guardian Golem    Hex/Summ       6%         N/A       36%         3
 Spider Form              Tmut/Pois      3%         N/A       45%         3
 Call Canine Familiar     Summ           0%         N/A       58%         3
 Frozen Ramparts          Ice            0%         1d1       58%         3
 Hailstorm                Conj/Ice       0%         3d3       58%         3
 Mephitic Cloud           Conj/Pois/Air  0%         N/A       58%         3
 Stone Arrow              Conj/Erth      0%         3d7       58%         3
 Vhi's Electric Charge    Tloc/Air       0%         N/A       58%         3
 Yara's Violent Unravell  Hex/Tmut       4%         3d4       92%         5
 Arcjolt                  Conj/Air       0%         1d10      100%        5
 Enfeeble                 Hex            6%         N/A       100%        7
 Maxwell's Capacitive Co  Air            0%         ∞         100%        8


Dungeon Overview and Level Annotations

Branches:
Dungeon (12/15)            Temple (0/1) D:5            Lair (0/5) D:11
    Orc: D:9-12

Shops:
D:4 :   D:5 (

Portals:
Ice
Cave: D:12

Annotations:
D:8 Erica
D:9 exclusion: troll
D:10 2 runed translucent doors, 1 exclusion, Sonja
D:11 exclusions: cyclops, howler monkey and manticore


Innate Abilities, Weirdness & Mutations

You have an increased reservoir of magic. (+10% MP)
You shall have no god before yourself.
Your divine heritage dramatically boosts your attributes as you level up.


Message History

The naga simulacrum grabs you. The naga simulacrum constricts you.
* * * LOW HITPOINT WARNING * * *
The spriggan simulacrum closely misses you.
The elephant simulacrum barely misses you.
The elephant simulacrum closely misses you.
As you read the scroll labelled GUNAEFETEA, it crumbles to dust.
A profound silence engulfs you.
It was a scroll of silence.
The two-headed ogre is engulfed in poison gas.
The two-headed ogre looks even sicker.
The troll is engulfed in poison gas.
The troll looks even sicker.
The cyclops is engulfed in poison gas.
The cyclops is poisoned.
The naga simulacrum closely misses you. The naga simulacrum constricts you.
* * * LOW HITPOINT WARNING * * *
Unknown command.
Unknown command.
Unknown command.
Unknown command.
Unknown command.
Unknown command.
Unknown command.
Unknown command.
Unknown command.
It was a potion of attraction.
You feel attractive to monsters.
The spriggan simulacrum completely misses you.
The elephant simulacrum barely misses you.
The elephant simulacrum trunk-slaps you but does no damage.
The troll looks even sicker.
The two-headed ogre is engulfed in poison gas.
The two-headed ogre looks even sicker.
The cyclops is attracted toward you.
The two-headed ogre simulacrum is attracted toward you.
The two-headed ogre is attracted toward you.
The troll is attracted toward you.
Unknown command.
Okay, then.
Unknown command.
It was a potion of curing.
You feel better.
The cyclops is engulfed in poison gas.
The cyclops looks even sicker.
The cyclops hits you!!
You die...

****** *,,,,* *,,,,* *#####**
*,,,,* *.§§§..*
*,,,,***.§§§§§###################
*,,,,**,.§§§§ZZZ@C.§§.§§.........
+,,,,,,,.§.§§§ZZZ.O§T§§§.........
*,,,,***#§§§§§§###########.......
*,,,,* ##§#§§§# #.#####. *,,,,*
#.###'##### #.# *, ******
#.........# #Z# *, * #.........#
#.# *, **
#.......Z.#######.#####. ,*****
#######....ZZ.Z.#..C......


You could see a two-headed ogre (fleeing, very poisoned), a cyclops (very
poisoned), a troll (fleeing, very poisoned), an elephant simulacrum, a spriggan
simulacrum, a naga simulacrum, 2 two-headed ogre simulacra and a troll
simulacrum.

Vanquished Creatures
  2 two-headed ogres
  2 cyclopes (D:12)
  A kobold demonologist (D:12)
  2 trolls
  A hornet (D:9)
  A shadow (D:9)
  2 wyverns
  A wraith (D:9)
  An acid dragon (D:9)
  2 ice beasts (D:7)
  An orc warrior (D:8)
  A black bear (D:8)
  3 ogres
  4 centaurs
  A phantom (D:4)
  Blork the orc (D:4)
  4 bullfrogs
  2 necrophages
  6 wights
  The ghost of superbruh the Shield-Bearer, a weakling MiFi (D:3)
  18 killer bees
  A howler monkey (D:9)
  A jelly (D:5)
  A gnoll bouda (D:6)
  2 orc priests
  2 hounds
  3 iguanas
  3 orc wizards
  6 gnolls
  11 adders
  3 white imps
  A worm (D:3)
  2 dart slugs
  22 orcs
  7 endoplasms
  2 giant cockroaches
  7 goblins
  3 hobgoblins
  6 kobolds
  A quokka (D:3)
  7 ball pythons
  4 bats
  2 frilled lizards
  3 rats
157 creatures vanquished.

Vanquished Creatures (others)
  A wizard (D:4)
  9 plants
10 creatures vanquished.

Grand Total: 167 creatures vanquished

Notes
Turn   | Place    | Note
-------+----------+-------------------------------------------
     0 | D:5      | drugrobin the Demigod Delver began the quest for the Orb.
     0 | D:5      | Reached XP level 1. HP: 18/18 MP: 3/3
    40 | D:5      | Reached skill level 2 in Unarmed Combat
    56 | D:5      | Noticed an orc wizard
    57 | D:5      | Noticed an orc wizard
    66 | D:5      | Noticed a hound
    95 | D:5      | Found Plog's Weapon Shoppe.
   112 | D:4      | Noticed Blork the orc
   118 | D:4      | Found Ymiovimp's Book Shop.
   513 | D:1      | Reached XP level 2. HP: 25/25 MP: 4/4
   818 | D:2      | Reached skill level 3 in Unarmed Combat
  1600 | D:3      | Reached XP level 3. HP: 29/30 MP: 5/5
  1705 | D:3      | Reached skill level 4 in Unarmed Combat
  1708 | D:3      | Reached XP level 4. HP: 12/37 MP: 6/6
  2265 | D:3      | Found a runed translucent gate.
  2265 | D:3      | Found a runed translucent gate.
  2265 | D:3      | Found a runed translucent gate.
  2270 | D:3      | Identified the +1 hand axe of the Malding Mosquito {flame,
                  | Dex+3}
  2270 | D:3      | Identified the +0 leather armour "Raorelao" {Fly rF- Int+4}
  2271 | D:3      | Noticed superbruh's ghost (weakling MiFi)
  2548 | D:4      | Noticed a necrophage
  2706 | D:4      | Noticed an ogre
  2716 | D:4      | Killed an ogre
  2717 | D:4      | Reached skill level 5 in Unarmed Combat
  2717 | D:4      | Reached XP level 5. HP: 10/42 MP: 7/7
  2887 | D:4      | Reached skill level 6 in Unarmed Combat
  2887 | D:4      | Reached XP level 6. HP: 36/50 MP: 8/8
  3088 | D:4      | Killed Blork the orc
  3307 | D:4      | Noticed a wizard
  3312 | D:4      | Killed a wizard
  3778 | D:5      | Noticed a troll
  4017 | D:5      | Reached skill level 7 in Unarmed Combat
  4017 | D:5      | Reached XP level 7. HP: 22/56 MP: 9/9
  4308 | D:5      | Noticed a blizzard demon
  4317 | D:5      | Noticed a ynoxinul
  4317 | D:5      | Noticed a smoke demon
  4347 | D:5      | Found a staircase to the Ecumenical Temple.
  4801 | D:4      | Bought a book of Changes for 198 gold pieces
  4803 | D:4      | Learned a level 1 spell: Beastly Appendage
  4806 | D:4      | Learned a level 2 spell: Wereblood
  5265 | D:6      | Learned a level 1 spell: Summon Small Mammal
  5819 | D:6      | Reached skill level 1 in Transmutations
  5897 | D:5      | Killed a troll
  5898 | D:5      | Reached skill level 5 in Dodging
  5898 | D:5      | Reached skill level 8 in Unarmed Combat
  5898 | D:5      | Reached XP level 8. HP: 39/62 MP: 10/10
  6387 | D:7      | Reached skill level 9 in Unarmed Combat
  7051 | D:8      | Learned a level 2 spell: Poisonous Vapours
  7059 | D:8      | Noticed a two-headed ogre
  7189 | D:8      | Reached XP level 9. HP: 62/68 MP: 11/11
  7290 | D:8      | Reached skill level 10 in Unarmed Combat
  7499 | D:8      | Killed a two-headed ogre
  7761 | D:8      | Reached skill level 11 in Unarmed Combat
  8438 | D:8      | Noticed Erica
  8671 | D:3      | Killed superbruh's ghost
  8933 | D:9      | Got the Catalogue of the Jinx
  8964 | D:9      | Learned a level 2 spell: Ensorcelled Hibernation
  9383 | D:9      | Reached skill level 1 in Hexes
  9792 | D:10     | Entered Level 10 of the Dungeon
  9872 | D:10     | Reached XP level 10. HP: 71/78 MP: 0/13
 10341 | D:10     | Noticed Sonja
 10376 | D:10     | Found a runed translucent gate.
 10376 | D:10     | Found a runed translucent gate.
 10428 | D:11     | Noticed a fire crab
 10428 | D:11     | Noticed a two-headed ogre
 10428 | D:11     | Found a staircase to the Lair.
 10510 | D:11     | Noticed a cyclops
 10583 | D:11     | Killed a two-headed ogre
 10584 | D:11     | Reached skill level 10 in Dodging
 10666 | D:11     | Noticed a manticore
 10735 | D:12     | Noticed a cyclops
 10742 | D:12     | Killed a cyclops
 10807 | D:12     | Noticed a two-headed ogre
 10824 | D:12     | Reached skill level 12 in Unarmed Combat
 10830 | D:12     | Noticed a cyclops
 10854 | D:12     | Killed a cyclops
 10905 | D:12     | Found a frozen archway.
 10920 | D:12     | Noticed a cyclops
 10947 | D:12     | HP: 4/80 [elephant simulacrum (24)]
 10953 | D:12     | HP: 4/80 [constriction (3)]
 10955 | D:12     | Demolished by a cyclops

Illustrated notes

Levels and vault maps discovered:
D:1:      psy_arrival_terrarium, layout_rooms
D:2:      layout_loops_ring, serial_forest, infiniplex_forest_clump_medium,
          infiniplex_forest_straight_2, infiniplex_forest_lined_3,
          infiniplex_forest_end_1, infiniplex_forest_end_2,
          infiniplex_forest_pool, infiniplex_forest_diagonal,
          infiniplex_forest_straight_3
D:3:      layout_basic, biasface_ghost_orc_armoury,
          minmay_fractal_squares_diagonal_5
D:4:      layout_cave_pools, trog_wizard, lemuel_doored_altar, kennysheep_mini,
          hangedman_glass_teeth, nicolae_stop_n_shop_2, st_stairs_2,
          minmay_manual_monstrance, uniq_blork_the_orc
D:5:      layout_cave_pools, makhleb_altar_promises_db, temple_fountains,
          serial_shops, nicolae_shop_stone, serial_bayou_crossing
D:6:      layout_loops_ring, kennysheep_mini_moat, mainiacjoe_overflow_24_doors
D:7:      layout_loops_ring, mainiacjoe_overflow_tiny_flanked,
          general_overflow_altar, st_stairs_12
D:8:      layout_basic, lemuel_tele_altar, serial_aquarium,
          aquarium_bridge_square [aquarium_subvault_bridge,
          aquarium_subvault_bridge, aquarium_subvault_wall,
          aquarium_subvault_bridge], aquarium_bridge_long_separate
          [aquarium_subvault_wall, aquarium_subvault_balcony,
          aquarium_subvault_bridge, aquarium_subvault_window,
          aquarium_subvault_bridge, aquarium_subvault_bridge],
          aquarium_window_1, aquarium_window_fake, aquarium_window_fake,
          aquarium_view_2e, aquarium_pool_1, minmay_quadrilaterals, uniq_psyche,
          uniq_erica
D:9:      layout_long_grid, kennysheep_little_box
D:10:     layout_basic, lemuel_round_altar, elyvilon_altar_4,
          kiku_gazebo_garden_becter, mainiacjoe_overflow_paths,
          gammafunk_ghost_split, uniq_sonja, uniq_urug, uniq_josephine
D:11:     layout_irregular_city, minmay_lair_entry_lava, erik_orc_1,
          minmay_the_grid_2x2 [minmay_the_grid_medium_cups, minmay_the_grid_fan,
          minmay_the_grid_holed_spiral, minmay_the_grid_prize_trominoes]
D:12:     layout_basic, portal_ice_cave_entry_ice_simulacra, serial_shops,
          nicolae_take_the_stairs, worldfamousw_hep_ancestral_shrine,
          uniq_erolcha

Skill      XL: |  1  2  3  4  5  6  7  8  9 10 |
---------------+-------------------------------+-----
Unarmed Combat | 2 3 4 5 6 7 8 9 11 12 | 12.2
Dodging        | 3 5 7 9 10 | 10.0
Transmutations | 1 2 |  2.0
Fighting       | 3 4 |  4.8
Hexes          | 1 3 |  3.5
Stealth        | |  4.5

Action                     |  1- 3 |  4- 6 |  7- 9 | 10-12 || total
---------------------------+-------+-------+-------+-------++-------
  Melee: Unarmed           |   107 |   156 |   280 |    40 ||   583
         Long sword        |     4 |       |       |       ||     4
         Punch             |     4 |     3 |     9 |     8 ||    24
         Dagger            |       |    16 |    24 |       ||    40
         Kick              |       |       |    12 |     2 ||    14
         Headbutt          |       |       |     5 |     2 ||     7
  Throw: Boomerang         |     5 |    22 |    42 |       ||    69
         Dart              |       |     3 |     5 |       ||     8
         Throwing net      |       |       |     1 |       ||     1
   Cast: Beastly Appendage |       |       |     6 |     1 ||     7
         Summon Small Mamm |       |       |    12 |     4 ||    16
         Wereblood         |       |       |     3 |     1 ||     4
         Poisonous Vapours |       |       |     9 |    11 ||    20
         Ensorcelled Hiber |       |       |     2 |     2 ||     4
  Evoke: Wand              |     2 |    12 |    14 |       ||    28
    Use: Scroll            |     2 |       |       |     7 ||     9
         Potion            |     1 |       |       |     3 ||     4
   Stab: Sleeping          |     3 |       |     2 |     2 ||     7
         Invisible         |       |       |     5 |       ||     5
         Held in net/web   |       |       |     1 |       ||     1
         Distracted        |       |       |     2 |     2 ||     4
 Armour: Leather armour    |    17 |       |     5 |       ||    22
         Chain mail        |    46 |    40 |       |       ||    86
         Ring mail         |       |     4 |    43 |       ||    47
         Troll leather arm |       |       |       |    10 ||    10
  Dodge: Dodged            |    48 |    70 |   259 |    80 ||   457

Table legend: (Time is in decaauts)
 A = Elapsed time spent in this place.
 B = Non-inter-level travel time spent in this place.
 C = Inter-level travel time spent in this place.
 D = Time resting spent in this place.
 E = Time spent auto-exploring this place.
 F = Levels seen in this place.
 G = Mean time per level.
                   A        B        C        D        E       F      G
               +--------+--------+--------+--------+--------+-----+--------+
         Total |  10894 |   9961 |    933 |    989 |   6170 |  12 |  907.8 |
       Dungeon |  10894 |   9961 |    933 |    989 |   6170 |  12 |  907.8 |
               +--------+--------+--------+--------+--------+-----+--------+

Top non-repeatable levels by time:
     D:8: 1728 daAuts
     D:5: 1575 daAuts
     D:3: 1187 daAuts
     D:6: 1110 daAuts
     D:2: 998 daAuts
     D:4: 963 daAuts
     D:9: 910 daAuts
     D:7: 839 daAuts
    D:10: 646 daAuts
     D:1: 450 daAuts
    D:11: 272 daAuts
    D:12: 212 daAuts
